 Dungeon Crawl Stone Soup version 0.25.1-2-g60ff931df9 (webtiles) character file.

Game seed: 2823335655950514158

882 Exodus22XD the Slasher (level 8, -3/61 HPs)
             Began as a Human Berserker on Oct 17, 2020.
             Was a Priest of Trog.
             Slain by a worker ant (6 damage)
             ... on level 5 of the Dungeon.
             The game lasted 00:04:41 (2941 turns).

Exodus22XD the Slasher (Human Berserker)            Turns: 2941, Time: 00:04:41

Health: -3/61      AC: 12    Str: 19    XL:     8   Next: 25%
Magic:  8/8        EV:  9    Int:  8    God:    Trog [***...]
Gold:   218        SH:  0    Dex: 13    Spells: 7/7 levels left

rFire    . . .     SeeInvis +   a - +0 falchion
rCold    . . .     Gourm    .   (no shield)
rNeg     . . .     Faith    .   p - +0 chain mail
rPois    .         Spirit   .   f - +0 helmet
rElec    .         Reflect  .   m - +0 cloak
rCorr    .         Harm     .   (no gloves)
MR       ++...                  (no boots)
Stlth    ..........             d - amulet of regeneration
HPRegen  1.60/turn              u - ring of see invisible
MPRegen  0.11/turn              (no ring)

@: lethally poisoned (-3 -> -3), berserk cooldown, regenerating
A: no striking features
a: Berserk, Trog's Hand, Renounce Religion


You were on level 5 of the Dungeon.
You worshipped Trog.
Trog was most pleased with you.
You were near starving.

You visited 1 branch of the dungeon, and saw 5 of its levels.

You collected 218 gold pieces.

Inventory:

Hand Weapons
 a - a +0 falchion (weapon)
 v - a +0 dagger of draining
Armour
 f - a +0 helmet (worn)
 m - a +0 cloak (worn)
 p - a +0 chain mail (worn)
Jewellery
 d - an amulet of regeneration (around neck)
 u - a ring of see invisible (left hand)
Scrolls
 g - 4 scrolls of amnesia {unknown}
 i - 2 scrolls of teleportation {unknown}
 k - 3 scrolls of fog {unknown}
 l - 2 scrolls of enchant armour {unknown}
 o - 2 scrolls of magic mapping {unknown}
 s - 4 scrolls of remove curse {unknown}
 t - a scroll of identify {unknown}
 w - 5 scrolls of enchant weapon {unknown}
 y - a scroll of immolation {unknown}
Potions
 b - a potion of resistance {unknown}
 e - a potion of stabbing {unknown}
 h - a potion of magic {unknown}
 j - a potion of ambrosia {unknown}
 n - a potion of haste {unknown}
 q - a potion of heal wounds {unknown}
 r - a potion of flight {unknown}
 z - a potion of mutation {unknown}
Comestibles
 c - 9 rations


   Skills:
 + Level 4.6 Fighting
 + Level 6.9 Long Blades
 + Level 4.6 Armour
 + Level 3.4 Dodging


You had 7 spell levels left.
You didn't know any spells.
Your spell library was empty.

Dungeon Overview and Level Annotations

Branches:
Dungeon (5/15)
 Temple: D:4-7

Altars:
Nemelex Xobeh
Qazlal
Uskayaw
Yredelemnul

Annotations:
D:5 1 runed translucent door


Message History

The worker ant waves its antennae.
The worker ant bites you.
* * * LOW HITPOINT WARNING * * *
The giant cockroach barely misses you.
You hit the worker ant.
The worker ant is severely wounded.
You feel yourself speed up.
You feel sick. The worker ant barely misses you.
The worker ant bites you but does no damage.
The giant cockroach bites you but does no damage.
The worker ant barely misses you.
You riposte.
You hit the worker ant but do no damage.
The worker ant is severely wounded.
The worker ant barely misses you.
You hit the worker ant.
The worker ant is almost dead.
You feel sick.
The giant cockroach bites you but does no damage.
The worker ant bites you.
You die...

#....#....#............#
#....#'##.###..##.....##
#.......#.# #..###.####
#.......#.########'######
#.......#.#...............
#.......###...............
#.........#....#######....
########..#...s#.....# ...
..#...@as.$..+ ..
..#...a#...b.# .
#....####### #..... #.....
#######


You could see 2 worker ants and 2 giant cockroaches.

Vanquished Creatures
  Grinder (D:3)
  An ogre (D:4)
  A killer bee (D:5)
  A bullfrog skeleton (D:3)
  An orc priest (D:3)
  An orc wizard (D:3)
  Natasha (D:4)
  10 worker ants
  A hound skeleton (D:4)
  4 gnolls (D:3)
  5 adders
  A howler monkey skeleton (D:4)
  4 worms
  A dart slug (D:2)
  2 leopard geckos
  13 orcs
  2 ball pythons (D:2)
  5 giant cockroaches
  8 goblins
  2 hobgoblins (D:3)
  3 jackals (D:2)
  2 quokkas (D:4)
  10 bats
  5 frilled lizards
  8 kobolds
  9 rats
102 creatures vanquished.

Notes
Turn   | Place    | Note
-------+----------+-------------------------------------------
     0 | D:1      | Exodus22XD the Human Berserker began the quest for the Orb.
     0 | D:1      | Reached XP level 1. HP: 18/18 MP: 1/1
   403 | D:1      | Reached XP level 2. HP: 23/24 MP: 2/2
   846 | D:2      | Reached XP level 3. HP: 21/29 MP: 3/3
   928 | D:2      | Reached XP level 4. HP: 35/35 MP: 4/4
  1158 | D:2      | Reached skill level 4 in Long Blades
  1293 | D:3      | Reached XP level 5. HP: 14/42 MP: 5/5
  1388 | D:3      | Noticed Grinder
  1400 | D:3      | Killed Grinder
  1400 | D:3      | Reached skill level 5 in Long Blades
  1400 | D:3      | Reached XP level 6. HP: 39/48 MP: 6/6
  1570 | D:3      | Reached ** piety under Trog
  1634 | D:3      | Reached XP level 7. HP: 47/54 MP: 7/7
  1715 | D:3      | Found a sparkling altar of Nemelex Xobeh.
  2190 | D:4      | Found a stormy altar of Qazlal.
  2271 | D:4      | Reached skill level 6 in Long Blades
  2312 | D:4      | Reached *** piety under Trog
  2550 | D:4      | Found a basalt altar of Yredelemnul.
  2550 | D:4      | Found a hide-covered altar of Uskayaw.
  2652 | D:4      | Noticed Natasha
  2659 | D:4      | Killed Natasha
  2666 | D:4      | Reached XP level 8. HP: 61/61 MP: 8/8
  2838 | D:5      | Entered Level 5 of the Dungeon
  2876 | D:5      | Found a runed translucent door.
  2882 | D:5      | Found a runed translucent door.
  2939 | D:5      | HP: 2/61 [worker ant (5)]
  2941 | D:5      | Slain by a worker ant

Illustrated notes

Levels and vault maps discovered:
D:1:      sevenhm_arrival_forest_fort_small_3, layout_loops_ring
D:2:      layout_rooms, first_ration
D:3:      layout_basic, lemuel_round_altar, st_stairs_11, minmay_between,
          uniq_grinder
D:4:      layout_gridville, grunt_qazlal_sundering,
          gammafunk_temple_overflow_statue, uniq_natasha
D:5:      lemuel_insect_pit, layout_gridville, minmay_temple_entry_wispy,
          cheibriados_altar_1, uniq_sigmund, uniq_duvessa

Skill      XL: |  1  2  3  4  5  6  7 |
---------------+----------------------+-----
Long Blades    | 4 5 6 |  6.9
Fighting       | 4 |  4.6
Armour         | 3 4 |  4.6
Dodging        | 3 |  3.4

Action                   |  1- 3 |  4- 6 |  7- 9 || total
-------------------------+-------+-------+-------++-------
Melee: Falchion          |    52 |   147 |   224 ||   423
Invok: Berserk           |     1 |     2 |     4 ||     7
       Trog's Hand       |       |       |     1 ||     1
  Eat: Chunk             |     1 |     5 |     7 ||    13
Armor: Animal skin       |     5 |       |       ||     5
       Ring mail         |    16 |     9 |       ||    25
       Chain mail        |       |    57 |   171 ||   228
Dodge: Dodged            |    52 |    61 |   135 ||   248
       Rpst.: Falchion   |    19 |    23 |    47 ||    89
